 Dungeon Crawl Stone Soup version 0.26-b1-32-g5d43845318 (webtiles) character file.

Game seed: 1160976111447488126

112 Borgoz the Ducker (level 4, -2/37 HPs)
             Began as a Ghoul Gladiator on Jan 13, 2021.
             Slain by Grinder (6 damage)
             ... while paralysed by Grinder
             ... on level 3 of the Dungeon.
             The game lasted 00:02:53 (2400 turns).

Borgoz the Ducker (Ghoul Gladiator)                 Turns: 2400, Time: 00:02:54

Health: -2/37      AC:  6    Str: 17    XL:     4   Next: 95%
Magic:  3/3        EV:  2    Int:  3    God:
Gold:   76         SH:  0    Dex: 11    Spells: 3/3 levels left

rFire    . . .     SeeInvis .   a - +0 long sword
rCold    + . .     Faith    .   (no shield)
rNeg     + + +     Spirit   .   p - -1 scale mail
rPois    ∞         Reflect  .   c - +0 helmet
rElec    .         Harm     .   (no cloak)
rCorr    .         Rampage  .   (no gloves)
Will     .....                  (no boots)
Stlth    ..........             i - amulet of regeneration
HPRegen  0.00/turn              (no ring)
MPRegen  0.08/turn              (no ring)

@: paralysed
A: claws 1, cold resistance 1, negative energy resistance 3, inhibited
regeneration, torment resistance, unbreathing
a: no special abilities


You were on level 3 of the Dungeon.
You visited 1 branch of the dungeon, and saw 3 of its levels.

You collected 76 gold pieces.

Inventory:

Hand Weapons
 a - a +0 long sword (weapon)
Missiles
 d - 3 throwing nets (quivered)
Armour
 c - a +0 helmet (worn)
 p - a -1 scale mail (worn)
Jewellery
 i - an amulet of regeneration (around neck)
Scrolls
 f - a scroll of fog {unknown}
Potions
 g - a potion of haste {unknown}
 l - a potion of might {unknown}
 n - a potion of curing


   Skills:
 + Level 2.8 Fighting
 * Level 3.5 Long Blades
 - Level 1.7 Throwing
 * Level 1.8 Armour
 * Level 3.5 Dodging


You had 3 spell levels left.
You didn't know any spells.
Your spell library was empty.

Dungeon Overview and Level Annotations

Branches:
Dungeon (3/15)

Altars:
Dithmenos

Annotations:
D:3 Grinder


Innate Abilities, Weirdness & Mutations

You thrive by killing the living.
You are immune to poison.
You have sharp fingernails.
Your flesh is cold resistant. (rC+)
You are immune to negative energy. (rN+++)
You do not regenerate when monsters are visible.
You are immune to unholy pain and torment.
You can survive without breathing.


Message History

You barely miss the adder zombie.
The withered plant crumbles away.
The adder zombie closely misses you.
The adder zombie bites you but does no damage.
You closely miss the adder zombie. You barely miss Grinder. Grinder hits you.
You hit Grinder.
Grinder is lightly wounded.
The adder zombie bites you but does no damage.
Grinder gestures at you.
You suddenly lose the ability to move!
The adder zombie bites you but does no damage.
Grinder hits you. The adder zombie bites you.
* * * LOW HITPOINT WARNING * * *
A hound zombie comes into view.
Grinder hits you.
* * * LOW HITPOINT WARNING * * *
The adder zombie bites you.
* * * LOW HITPOINT WARNING * * *
Grinder hits you.
You die...

#.........
#........
+..>..Z#
#...?..#
#.).†$.##
#.......#
#.......#
#5Z..8...#
#@P..8...#
#....8....#
##88..#####
######


You could see Grinder, an adder zombie and a hound zombie.

Vanquished Creatures
  2 worker ant zombies (D:3)
  2 adders (D:2)
  An adder skeleton (D:3)
  3 worms
  5 leopard geckos
  An orc (D:3)
  A ball python (D:2)
  8 bats
  6 goblins
  6 hobgoblins
  2 jackals (D:1)
  2 quokkas (D:2)
  4 frilled lizards
  2 kobolds
  A leopard gecko skeleton (D:3)
  A quokka skeleton (D:3)
  8 rats
55 creatures vanquished.

Vanquished Creatures (others)
  2 withered plants (D:3)
2 creatures vanquished.

Grand Total: 57 creatures vanquished

Notes
Turn   | Place    | Note
-------+----------+-------------------------------------------
     0 | D:1      | Borgoz the Ghoul Gladiator began the quest for the Orb.
     0 | D:1      | Reached XP level 1. HP: 17/17 MP: 0/0
   227 | D:1      | Reached XP level 2. HP: 24/24 MP: 1/1
   645 | D:2      | Reached skill level 1 in Armour
   645 | D:2      | Reached XP level 3. HP: 20/30 MP: 2/2
  1114 | D:2      | Reached XP level 4. HP: 37/37 MP: 3/3
  1901 | D:2      | Lost intelligence.
  2232 | D:3      | Found a shadowy altar of Dithmenos.
  2376 | D:3      | Noticed Grinder
  2380 | D:3      | Paralysed by Grinder for 2 turns
  2397 | D:3      | Paralysed by Grinder for 4 turns
  2400 | D:3      | Slain by Grinder

Illustrated notes

Levels and vault maps discovered:
D:1:      dpeg_arrival_subterranean_lakeside_camping, layout_basic
D:2:      layout_basic
D:3:      layout_basic, grunt_dithmenos_smoke_and_mirrors,
          lemuel_blue_sif_altar, serial_undead, serial_undead_d,
          serial_undead_e, serial_undead_b, serial_undead_f, serial_undead_c,
          serial_undead_f, serial_undead_e, grunt_decor_clamped, uniq_grinder,
          uniq_ijyb

Skill      XL: |  1  2 |
---------------+-------+-----
Dodging        | 3 |  3.5
Long Blades    | 3 |  3.5
Armour         | 1 |  1.8
Fighting       | |  2.8
Throwing       | |  1.7

Action                   |  1- 3 |  4- 6 || total
-------------------------+-------+-------++-------
Melee: Long sword        |   109 |    83 ||   192
Throw: Throwing net      |     1 |     2 ||     3
  Use: Scroll            |       |     5 ||     5
 Stab: Held in net/web   |     1 |       ||     1
Armor: Leather armour    |    33 |     4 ||    37
       Scale mail        |       |    21 ||    21
Dodge: Dodged            |   106 |    50 ||   156
       Rpst.: Long sword |    33 |    14 ||    47
